 Dungeon Crawl Stone Soup version 0.22.1-2-g9c5b331 (webtiles) character file.

162 MalarOregon the Insei (level 5, 0/38 HPs)
             Began as a Merfolk Transmuter on Nov 14, 2018.
             Was a Follower of Nemelex Xobeh.
             Slain by an orc priest
             ... wielding a +0 club
              (3 damage)
             ... on level 2 of the Dungeon.
             The game lasted 00:05:43 (2652 turns).

MalarOregon the Insei (Merfolk Transmuter)          Turns: 2652, Time: 00:05:44

Health: 0/38       AC:  3    Str: 11    XL:     5   Next: 43%
Magic:  7/8        EV: 14    Int: 13    God:    Nemelex Xobeh [*.....]
Gold:   148        SH:  0    Dex: 14    Spells: 3/9 levels left

rFire    . . .     SeeInvis .     - Unarmed
rCold    . . .     Gourm    .   (no shield)
rNeg     . . .     Faith    .   b - +0 robe
rPois    .         Spirit   .   (no helmet)
rElec    .         Reflect  .   k - +0 cloak
rCorr    .         Harm     .   (no gloves)
MR       .....                  (no boots)
Stlth    +.........             (no amulet)
HPRegen  0.12/turn              (no ring)
MPRegen  0.11/turn              (no ring)

@: no status effects
A: change form in water, swift swim, stealthy swim
a: Renounce Religion


You were on level 2 of the Dungeon.
You worshipped Nemelex Xobeh.
Nemelex Xobeh was aware of your devotion.
You were very hungry.

You visited 1 branch of the dungeon, and saw 3 of its levels.

You collected 148 gold pieces.

Inventory:

Missiles
 a - 91 arrows
 d - a throwing net (quivered) {!f}
Armour
 b - a +0 robe (worn)
 k - a +0 cloak (worn)
   (You found it on level 2 of the Dungeon)
Jewellery
 h - an uncursed ring of magical power {unknown}
   (You found it on level 1 of the Dungeon)
 m - a +1 ring of protection {unknown}
   (You found it on level 2 of the Dungeon)
 n - an uncursed amulet of regeneration {unknown}
   (You found it on level 2 of the Dungeon)
Scrolls
 g - 2 scrolls of teleportation {unknown}
 i - a scroll of amnesia {unknown}
 p - 2 scrolls of identify {unknown}
 q - a scroll of blinking {unknown}
Potions
 c - 3 potions of curing {unknown}
 f - a potion of might {unknown}
 o - a potion of ambrosia {unknown}
Miscellaneous
 j - a plain deck of destruction
   (Nemelex Xobeh gifted it to you on level 2 of the Dungeon)
 r - a plain deck of destruction
   (Nemelex Xobeh gifted it to you on level 3 of the Dungeon)
Comestibles
 e - 9 rations {!d}


   Skills:
 + Level 2.2 Fighting
 + Level 3.8 Dodging
 * Level 4.5 Unarmed Combat
 + Level 2.6 Spellcasting
 + Level 3.7 Transmutations
 + Level 1.2 Invocations


You had 3 spell levels left.
You knew the following spells:

 Your Spells              Type           Power        Failure   Level  Hunger
a - Beastly Appendage     Tmut           ##....       5%          1    #......
s - Sticks to Snakes      Tmut           ##......     8%          2    ###....
x - Spider Form           Tmut/Pois      #.........   32%         3    ###....

Your spell library contained the following spells:

 Spells                   Type           Power        Failure   Level  Hunger
 Ice Form                 Ice/Tmut       #.......     73%         4    #####..
 Blade Hands              Tmut           ##........   82%         5    ######.


Dungeon Overview and Level Annotations

Branches:
Dungeon (3/15)

Altars:
Ashenzari
Nemelex Xobeh
Qazlal
The Shining One

Annotations:
D:3 1 runed door


Message History

Your +0 cloak melds into your body.
Your +0 robe melds into your body.
Your transformation is almost over.
You climb downwards.
Level annotation: 1 runed door You are feeling very hungry.
The orc hits you with a short sword. The orc completely misses you.
There is a stone staircase leading up here.
You barely miss the orc. The orc closely misses you.
You hit the orc.
The orc is poisoned.
The orc wizard casts a spell at you. The magic dart hits you!
The orc completely misses you.
You hit the orc wizard but do no damage.
The orc wizard closely misses you. The orc completely misses you.
You bite the orc wizard!
The orc wizard is poisoned.
The orc wizard misses you. The rat closely misses you.
You hit the rat.
You kill the rat!
The orc hits you with a short sword.
The orc priest calls upon Beogh to heal the orc wizard.
The orc wizard is healed somewhat.
The orc wizard closely misses you.
You hit the orc wizard.
The orc wizard looks as sick as possible!
The orc barely misses you. The orc wizard hits you with a dagger.
You closely miss the orc wizard.
You kill the orc wizard!
The orc barely misses you.
The orc priest casts a cantrip, but nothing happens.
You bite the orc!
You kill the orc!
You hit the orc priest.
The orc priest is poisoned.
Your transformation has ended.
Your +0 cloak unmelds from your body.
Your +0 robe unmelds from your body.
The orc hits you from afar with a trident.
The orc priest hits you with a club.
The orc hits you from afar with a trident.
The orc priest misses you.
You climb upwards.
There is a stone staircase leading down here.
You barely miss the orc priest. You hit the orc priest.
The orc priest invokes the aid of Beogh against you.
Pain shoots through your body!
* * * LOW HITPOINT WARNING * * *
You hit the orc priest.
The orc priest mumbles some strange prayers to Beogh against you.
Pain shoots through your body!
* * * LOW HITPOINT WARNING * * *
You hit the orc priest. The orc priest hits you with a club.
You die...
Your body disappears without a glow.

#############...........#
........................#
#############...........#
#..........)#
#...........#
#.##.######## #.##.#
#############..#.###
................@..#
.....)########..o..#
......# #.....# ......#
#.....# ......# #.....#
......# ##....# ......#
#....# ......# ##.###
####### #[#


You could see an orc priest.

Vanquished Creatures
  An orc wizard (D:3)
  3 adders
  An ooze (D:2)
  2 worms
  3 dart slugs (D:1)
  3 leopard geckos
  12 orcs
  2 giant cockroaches
  8 goblins
  4 hobgoblins
  8 jackals
  2 quokkas (D:3)
  3 ball pythons
  7 bats
  3 frilled lizards
  8 kobolds
  6 rats
76 creatures vanquished.

Notes
Turn   | Place    | Note
-------+----------+-------------------------------------------
     0 | D:1      | MalarOregon the Merfolk Transmuter began the quest for the
                  | Orb.
     0 | D:1      | Reached XP level 1. HP: 15/15 MP: 3/3
    54 | D:1      | Reached XP level 2. HP: 20/21 MP: 0/5
   107 | D:1      | Learned a level 2 spell: Sticks to Snakes
   439 | D:1      | Reached XP level 3. HP: 22/26 MP: 4/6
   737 | D:2      | Found a sparkling altar of Nemelex Xobeh.
  1011 | D:2      | Became a worshipper of Nemelex Xobeh the Trickster
  1033 | D:2      | Received a gift from Nemelex Xobeh
  1088 | D:2      | Reached skill level 4 in Unarmed Combat
  1178 | D:2      | Reached XP level 4. HP: 33/33 MP: 5/7
  1192 | D:2      | Learned a level 3 spell: Spider Form
  2028 | D:3      | Reached * piety under Nemelex Xobeh
  2051 | D:3      | Received a gift from Nemelex Xobeh
  2145 | D:3      | Found a runed door.
  2188 | D:3      | Reached XP level 5. HP: 31/38 MP: 8/8
  2230 | D:3      | Found a stormy altar of Qazlal.
  2230 | D:3      | Found a glowing golden altar of the Shining One.
  2231 | D:3      | Found a shattered altar of Ashenzari.
  2341 | D:3      | Reached skill level 1 in Invocations
  2652 | D:2      | Slain by an orc priest

Skill      XL: |  1  2  3  4  5 |
---------------+----------------+-----
Dodging        | 3 |  3.8
Transmutations | 3 |  3.7
Unarmed Combat | 4 |  4.5
Fighting       | 2 |  2.2
Invocations    | 1 |  1.2
Spellcasting   | |  2.6

Action                   |  1- 3 |  4- 6 || total
-------------------------+-------+-------++-------
Melee: Unarmed           |    96 |   165 ||   261
       Headbutt          |    15 |    24 ||    39
       Punch             |     1 |     1 ||     2
 Cast: Beastly Appendage |    17 |    19 ||    36
       Spider Form       |       |     2 ||     2
  Use: Scroll            |     2 |       ||     2
  Eat: Chunk             |     1 |     5 ||     6
Armor: Robe              |    18 |    49 ||    67
Dodge: Dodged            |    72 |   149 ||   221
